AoeStats
← no one

Arena

506890681Analyzed
4v4 RM · 17d ago on Sep 15, 2026· 28m 6s· 8 players
Game mode
Random Map
Map size
Large (8 player)
Population
200
Speed
Normal
Resources
Standard
Victory
Conquest
Starting age
Dark Age
Ending age
Imperial Age
RankedLock teamsTeams togetherTeam positionsShared explorationLock speedFull tech treeHidden civsTurbo modeCheats
Victory
Defeat
🇦🇷 Portuguese · Argentina
1312
+15
🇨🇦 Romans · Canada
1293
+15
🇨🇴 Celts · Colombia
1186
+20
🇺🇾 Khmer · Uruguay
1159
+22
🇨🇳 Bulgarians · China
1301
-19
🇩🇪 Franks · Germany
1286
-18
🇦🇷 Britons · Argentina
1269
-18
🇭🇰 Khmer · Hong Kong SAR China
1251
-17
虫
10:19 Feudal Age
10:28 Feudal Age
15:19 Castle Age
14:09 Double-Bit Axe
14:25 Horse Collar
16:22 Bow Saw
16:15 Heavy Plow
20:23 Gold Mining
21:36 Husbandry
22:48 Scale Barding Armor
23:46 Bloodlines
24:16 Forging
25:11 Wheelbarrow
24:25 Loom
26:27 Hand Cart
27:52 Gold Shaft Mining
27:07 Stone Mining
28:27 Chain Barding Armor
28:42 Iron Casting
Tim der Gothe
9:58 Feudal Age
14:54 Castle Age
14:45 Loom
15:51 Town Watch
16:45 Wheelbarrow
18:17 Double-Bit Axe
21:29 Hand Cart
23:01 Fletching
800分天才玩家
10:54 Feudal Age
15:05 Castle Age
13:15 Horse Collar
13:24 Double-Bit Axe
20:46 Loom
21:16 Scale Mail Armor
no one
10:53 Feudal Age
14:37 Castle Age
12:36 Double-Bit Axe
12:48 Horse Collar
15:40 Bow Saw
15:36 Town Watch
16:47 Loom
17:43 Wheelbarrow
17:46 Fletching
21:01 Bodkin Arrow
LRNI_Bélico
11:27 Feudal Age
13:10 Double-Bit Axe
16:13 Castle Age
14:06 Horse Collar
19:04 Bow Saw
20:43 Scale Barding Armor
25:27 Wheelbarrow
25:32 Heavy Plow
26:37 Forging
26:25 Loom
26:25 Town Watch
cagatepomelo
10:08 Feudal Age
11:35 Loom
14:33 Castle Age
LRNI_Thegar
7:48 Loom
10:07 Feudal Age
8:40 Loom
13:48 Castle Age
14:21 Gold Mining
14:20 Double-Bit Axe
LRNI Michel
9:37 Feudal Age
13:10 Castle Age
14:05 Double-Bit Axe
15:12 Loom
Connection lost

Rejoining the realm…

Still unreachable

The connection could not be restored.

Session expired

The server has moved on; the page needs a fresh start.